| TOP OF THE 1ST |
|
University of South Carolina Gamecocks batting - Pitching for Stanford University Cardinal : RHP Noël Antuofermo
|
|
Pitching: RHP Noël Antuofermo
|
|
|
Batting: RHB Justin Kurutz
|
0-0: Ground out 6-3 (Groundball, 6, EV 106.9 MPH)
|
|
Batting: LHB Bert Webster
|
0-0: Ball 1-0: Ball 2-0: Ground out 4-3 (Groundball, 4, EV 83.1 MPH)
|
|
Batting: SHB Keith Mihas
|
0-0: Called Strike 0-1: Ball 1-1: Swinging Strike 1-2: DOUBLE (Flyball, 8LXD, EV 99.4 MPH)
|
|
Batting: LHB Chris McNay
|
0-0: SINGLE (Flyball, 5D, EV 97.5 MPH) Keith Mihas to third
|
|
Batting: RHB Josh Shirkey
|
0-0: Fly out, F7 (Flyball, 7, EV 90.0 MPH)
|
| Top of the 1st over - 0 runs, 2 hits, 0 errors, 2 left on base; University of South Carolina 0 - Stanford University 0 |
| BOTTOM OF THE 1ST |
|
Stanford University Cardinal batting - Pitching for University of South Carolina Gamecocks : RHP Jabari Gatewood
|
|
Pitching: RHP Jabari Gatewood
|
|
|
Batting: RHB John Van der Linden
|
0-0: Ball 1-0: Ball 2-0: Ground out U3 (Groundball, 34, EV 102.5 MPH)
|
|
Batting: RHB Josh Benefield
|
0-0: Called Strike 0-1: Called Strike 0-2: Foul Ball, location: 2F 0-2: Ball 1-2: Ball 2-2: Fly out, F8 (Flyball, 8LM, EV 83.8 MPH)
|
|
Batting: LHB Donny Kleinjan
|
0-0: Foul Ball, location: 2F 0-1: Ball 1-1: Called Strike 1-2: Strikes out looking
|
| Bottom of the 1st over - 0 runs, 0 hits, 0 errors, 0 left on base; University of South Carolina 0 - Stanford University 0 |
| TOP OF THE 2ND |
|
University of South Carolina Gamecocks batting - Pitching for Stanford University Cardinal : RHP Noël Antuofermo
|
|
Batting: RHB Phil Hanley
|
0-0: Ball 1-0: Called Strike 1-1: Foul Ball, location: 2F 1-2: Strikes out swinging
|
|
Batting: RHB Lance Neldon
|
0-0: Called Strike 0-1: Ball 1-1: Ball 2-1: Swinging Strike 2-2: Ground out 5-3 (Groundball, 56S, EV 88.8 MPH)
|
|
Batting: RHB Ben Turner
|
0-0: Ball 1-0: Ball 2-0: Foul Ball, location: 2F 2-1: SINGLE (Line Drive, 8RS, EV 105.6 MPH)
|
|
Batting: LHB Pete Fitchett
|
0-0: Swinging Strike 0-1: Ball 1-1: Foul Ball, location: 2F 1-2: Fly out, F7 (Flyball, 78M, EV 82.5 MPH)
|
| Top of the 2nd over - 0 runs, 1 hit, 0 errors, 1 left on base; University of South Carolina 0 - Stanford University 0 |
| BOTTOM OF THE 2ND |
|
Stanford University Cardinal batting - Pitching for University of South Carolina Gamecocks : RHP Jabari Gatewood
|
|
Batting: RHB Joe Petley
|
0-0: Ball 1-0: Ball 2-0: Ball 3-0: Base on Balls
|
|
Batting: RHB Dzevat Koljevic
|
0-0: Ball 1-0: Called Strike 1-1: Ball 2-1: Called Strike 2-2: Strikes out swinging
|
|
Batting: SHB Philippe Huff
|
0-0: Foul Ball, location: 2F 0-1: Ball 1-1: Ball Wild Pitch! Joe Petley to second 2-1: Foul Ball, location: 2F 2-2: Ball 3-2: Fly out, F4 (Popup, 4MD, EV 71.2 MPH)
|
|
Batting: RHB Gary Preston
|
0-0: Ball 1-0: Called Strike 1-1: Ball 2-1: Ball 3-1: Foul Ball, location: 2F 3-2: Fly out, F7 (Flyball, 7LMF, EV 85.6 MPH)
|
| Bottom of the 2nd over - 0 runs, 0 hits, 0 errors, 1 left on base; University of South Carolina 0 - Stanford University 0 |
| TOP OF THE 3RD |
|
University of South Carolina Gamecocks batting - Pitching for Stanford University Cardinal : RHP Noël Antuofermo
|
|
Batting: RHB Justin Kurutz
|
0-0: Ball 1-0: Ground out 6-3 (Groundball, 56, EV 85.6 MPH)
|
|
Batting: LHB Bert Webster
|
0-0: Called Strike 0-1: Swinging Strike 0-2: Ball 1-2: Strikes out swinging
|
|
Batting: SHB Keith Mihas
|
0-0: Fly out, F8 (Line Drive, 8RM, EV 88.8 MPH)
|
| Top of the 3rd over - 0 runs, 0 hits, 0 errors, 0 left on base; University of South Carolina 0 - Stanford University 0 |
| BOTTOM OF THE 3RD |
|
Stanford University Cardinal batting - Pitching for University of South Carolina Gamecocks : RHP Jabari Gatewood
|
|
Batting: RHB Erwin Young
|
0-0: Ball 1-0: Foul Ball, location: 2F 1-1: Fly out, F4 (Line Drive, 4M, EV 61.2 MPH)
|
|
Batting: LHB Mike Keating
|
0-0: Ball 1-0: Ball 2-0: Ball 3-0: Base on Balls
|
|
Batting: RHB John Van der Linden
|
0-0: Ball 1-0: Called Strike 1-1: Swinging Strike 1-2: Strikes out swinging
|
|
Batting: RHB Josh Benefield
|
0-0: Ball 1-0: Swinging Strike 1-1: Fly out, F8 (Line Drive, 8LD, EV 105.6 MPH)
|
| Bottom of the 3rd over - 0 runs, 0 hits, 0 errors, 1 left on base; University of South Carolina 0 - Stanford University 0 |
| TOP OF THE 4TH |
|
University of South Carolina Gamecocks batting - Pitching for Stanford University Cardinal : RHP Noël Antuofermo
|
|
Batting: LHB Chris McNay
|
0-0: Foul Ball, location: 2F 0-1: Swinging Strike 0-2: SINGLE (Line Drive, 6MD, EV 108.8 MPH)
|
|
Batting: RHB Josh Shirkey
|
0-0: Foul Ball, location: 2F 0-1: Foul Ball, location: 2F 0-2: Ball 1-2: Foul Ball, location: 2F 1-2: Ball 2-2: Strikes out swinging
|
|
Batting: RHB Phil Hanley
|
0-0: Called Strike 0-1: Swinging Strike 0-2: Ball 1-2: Ball 2-2: Foul Ball, location: 2F 2-2: Foul Ball, location: 2F 2-2: Ball 3-2: Foul Ball, location: 2F 3-2: Strikes out swinging
|
|
Batting: RHB Lance Neldon
|
0-0: SINGLE (Flyball, 6D, EV 94.4 MPH) Chris McNay to second Runner from 2nd tries for 3rd, SAFE, throw by LF made to third
|
|
Batting: RHB Ben Turner
|
0-0: Ball 1-0: Ball 2-0: Ball 3-0: Base on Balls Lance Neldon to second
|
|
Batting: LHB Pete Fitchett
|
0-0: Swinging Strike 0-1: Ball 1-1: Ball 2-1: Foul Ball, location: 2F 2-2: Foul Ball, location: 2F 2-2: Strikes out swinging
|
| Top of the 4th over - 0 runs, 2 hits, 0 errors, 3 left on base; University of South Carolina 0 - Stanford University 0 |
| BOTTOM OF THE 4TH |
|
Stanford University Cardinal batting - Pitching for University of South Carolina Gamecocks : RHP Jabari Gatewood
|
|
Batting: LHB Donny Kleinjan
|
0-0: Foul Ball, location: 2F 0-1: Ball 1-1: Swinging Strike 1-2: Ground out 4-3 (Groundball, 4D, EV 101.9 MPH)
|
|
Batting: RHB Joe Petley
|
0-0: Ball 1-0: Called Strike 1-1: Swinging Strike 1-2: Ball 2-2: Ground out 6-3 (Groundball, 6, EV 110.6 MPH)
|
|
Batting: RHB Dzevat Koljevic
|
0-0: Ball 1-0: Called Strike 1-1: Ground out 4-3 (Groundball, 34, EV 95.0 MPH)
|
| Bottom of the 4th over - 0 runs, 0 hits, 0 errors, 0 left on base; University of South Carolina 0 - Stanford University 0 |
| TOP OF THE 5TH |
|
University of South Carolina Gamecocks batting - Pitching for Stanford University Cardinal : RHP Noël Antuofermo
|
|
Now at 1B: Eric McDonald
|
|
|
Pinch Hitting: LHB Jörg Young
|
0-0: Foul Ball, location: 2F 0-1: Ball 1-1: Ground out U3 (Groundball, 34, EV 102.5 MPH)
|
|
Batting: LHB Bert Webster
|
0-0: Fly out, F8 (Flyball, 8RM, EV 90.6 MPH)
|
|
Pinch Hitting: RHB Joel Bany
|
0-0: Ball 1-0: Foul Ball, location: 2F 1-1: Called Strike 1-2: Strikes out swinging
|
| Top of the 5th over - 0 runs, 0 hits, 0 errors, 0 left on base; University of South Carolina 0 - Stanford University 0 |
| BOTTOM OF THE 5TH |
|
Stanford University Cardinal batting - Pitching for University of South Carolina Gamecocks : RHP Jabari Gatewood
|
|
Now at C: Jonathan Long
|
|
|
Now at 1B: Joel Bany
|
|
|
Now at SS: Keith Lynch
|
|
|
Now in LF: David Fowler
|
|
|
Batting: SHB Philippe Huff
|
0-0: Ball 1-0: Called Strike 1-1: Ball 2-1: Ball 3-1: Base on Balls
|
|
Batting: RHB Gary Preston
|
0-0: Called Strike 0-1: Called Strike 0-2: Strikes out looking
|
|
Batting: RHB Erwin Young
|
0-0: Ball 1-0: Ball Wild Pitch! Philippe Huff to second 2-0: Ball 3-0: Called Strike 3-1: Called Strike 3-2: Strikes out swinging, 2-3 out at first.
|
|
Batting: LHB Mike Keating
|
0-0: Swinging Strike 0-1: Called Strike 0-2: Strikes out looking
|
| Bottom of the 5th over - 0 runs, 0 hits, 0 errors, 1 left on base; University of South Carolina 0 - Stanford University 0 |
| TOP OF THE 6TH |
|
University of South Carolina Gamecocks batting - Pitching for Stanford University Cardinal : RHP Noël Antuofermo
|
|
Pitching: LHP Larry Steen
|
|
|
Pinch Hitting: RHB Abel Wensink
|
0-0: Ball 1-0: Ball 2-0: Swinging Strike 2-1: Ball 3-1: Foul Ball, location: 2F 3-2: Ground out 5-3 (Groundball, 56S, EV 86.2 MPH)
|
|
Pinch Hitting: RHB Brian Passalacqua
|
0-0: Ball 1-0: Ball 2-0: Ground out 4-3 (Groundball, 4, EV 87.5 MPH)
|
|
Batting: RHB Phil Hanley
|
0-0: Fly out, F8 (Flyball, 8RD, EV 88.1 MPH)
|
| Top of the 6th over - 0 runs, 0 hits, 0 errors, 0 left on base; University of South Carolina 0 - Stanford University 0 |
| BOTTOM OF THE 6TH |
|
Stanford University Cardinal batting - Pitching for University of South Carolina Gamecocks : RHP Jabari Gatewood
|
|
Pitching: LHP Pong-su Kym
|
|
|
Now at 2B: Danny Narvaez
|
|
|
Now at 3B: Steve Gibson
|
|
|
Now in RF: Gregg Burchett
|
|
|
Batting: RHB John Van der Linden
|
0-0: Foul Ball, location: 2F 0-1: Foul Ball, location: 2F 0-2: Ball 1-2: Ball 2-2: Strikes out swinging
|
|
Pinch Hitting: RHB Ricky Medina
|
0-0: Fly out, F8 (Flyball, 8LXD, EV 93.8 MPH)
|
|
Batting: RHB Eric McDonald
|
0-0: Ball 1-0: Swinging Strike 1-1: Fly out, F8 (Flyball, 78S, EV 78.1 MPH)
|
| Bottom of the 6th over - 0 runs, 0 hits, 0 errors, 0 left on base; University of South Carolina 0 - Stanford University 0 |
| TOP OF THE 7TH |
|
University of South Carolina Gamecocks batting - Pitching for Stanford University Cardinal : LHP Larry Steen
|
|
Pitching: RHP Andy Swan
|
|
|
Now in RF: Ricky Medina
|
|
|
Batting: RHB Jin-suk Kim
|
0-0: Ball 1-0: Called Strike 1-1: Foul Ball, location: 2F 1-2: Ball 2-2: Ball 3-2: Base on Balls
|
|
Batting: LHB David Fowler
|
0-0: Ball 1-0: Ball 2-0: Called Strike 2-1: Foul Ball, location: 2F 2-2: Strikes out swinging
|
|
Batting: RHB Keith Lynch
|
0-0: Ball 1-0: Ball 2-0: Called Strike 2-1: SINGLE (Line Drive, 4M, EV 106.2 MPH) Jin-suk Kim to second
|
|
Batting: RHB Jonathan Long
|
0-0: Called Strike 0-1: Swinging Strike 0-2: Ball 1-2: Ball 2-2: SINGLE (Groundball, 56D, EV 93.8 MPH) Jin-suk Kim to third Keith Lynch to second
|
|
Batting: RHB Steve Gibson
|
0-0: Swinging Strike 0-1: Called Strike 0-2: Ball Wild Pitch! Jin-suk Kim scores Keith Lynch to third Jonathan Long to second 1-2: Ball 2-2: Ball 3-2: Base on Balls
|
|
Pitching: RHP Steven Townsend
|
|
|
Batting: RHB Joel Bany
|
0-0: Called Strike 0-1: Ball 1-1: Ball 2-1: Grounds into fielders choice 4-2 (Groundball, 4M, EV 84.4 MPH) Jonathan Long to third Steve Gibson to second
|
|
Batting: RHB Danny Narvaez
|
0-0: Called Strike 0-1: Foul Ball, location: 2F 0-2: Strikes out swinging
|
| Top of the 7th over - 1 run, 2 hits, 0 errors, 3 left on base; University of South Carolina 1 - Stanford University 0 |
| BOTTOM OF THE 7TH |
|
Stanford University Cardinal batting - Pitching for University of South Carolina Gamecocks : LHP Pong-su Kym
|
|
Pinch Hitting: RHB Bobby Orantez
|
0-0: Ball 1-0: Foul Ball, location: 2F 1-1: Swinging Strike 1-2: Hit by Pitch
|
|
Batting: RHB Dzevat Koljevic
|
0-0: Called Strike 0-1: Called Strike 0-2: Strikes out swinging
|
|
Batting: RHB Mike Gard
|
0-0: Swinging Strike 0-1: Ball 1-1: Foul Ball, location: 2F 1-2: Ball 2-2: Ball 3-2: Strikes out swinging
|
|
Batting: RHB Gary Preston
|
0-0: Ball 1-0: Ball 2-0: Foul Ball, location: 2F Pickoff Throw to First - Out! 1-3
|
| Bottom of the 7th over - 0 runs, 0 hits, 0 errors, 0 left on base; University of South Carolina 1 - Stanford University 0 |
| TOP OF THE 8TH |
|
University of South Carolina Gamecocks batting - Pitching for Stanford University Cardinal : RHP Steven Townsend
|
|
Now at 3B: Bobby Orantez
|
|
|
Batting: LHB Gregg Burchett
|
0-0: Fly out, F9 (Flyball, 9S, EV 80.6 MPH)
|
|
Batting: RHB Phil Hanley
|
0-0: Fly out, F9 (Flyball, 9, EV 84.4 MPH)
|
|
Batting: LHB Bob Conway
|
0-0: Ball 1-0: Ball 2-0: Fly out, F8 (Flyball, 78M, EV 74.4 MPH)
|
| Top of the 8th over - 0 runs, 0 hits, 0 errors, 0 left on base; University of South Carolina 1 - Stanford University 0 |
| BOTTOM OF THE 8TH |
|
Stanford University Cardinal batting - Pitching for University of South Carolina Gamecocks : LHP Pong-su Kym
|
|
Pitching: LHP Cris Duran
|
|
|
Batting: RHB Gary Preston
|
0-0: Ball 1-0: Ball 2-0: Called Strike 2-1: Ball 3-1: Base on Balls
|
|
Batting: RHB Erwin Young
|
0-0: Called Strike 0-1: Sac Bunt to 15S - play at second, runner safe!
|
|
Batting: LHB Mike Keating
|
0-0: Fly out, F7 (Flyball, 7LS, EV 82.5 MPH)
|
|
Batting: RHB John Van der Linden
|
0-0: Called Strike 0-1: Foul Ball, location: 2F 0-2: Ball 1-2: Ball 2-2: Strikes out looking
|
|
Batting: RHB Ricky Medina
|
0-0: Called Strike 0-1: Fielders Choice at 2nd, 6-4 (Groundball, 6, EV 100.6 MPH)
|
| Bottom of the 8th over - 0 runs, 0 hits, 0 errors, 2 left on base; University of South Carolina 1 - Stanford University 0 |
| TOP OF THE 9TH |
|
University of South Carolina Gamecocks batting - Pitching for Stanford University Cardinal : RHP Steven Townsend
|
|
Pitching: RHP Dante Verduzco
|
|
|
Batting: LHB David Fowler
|
0-0: Ball 1-0: Called Strike 1-1: Ball 2-1: Swinging Strike 2-2: Foul Ball, location: 2F 2-2: Foul Ball, location: 2F 2-2: Strikes out swinging
|
|
Batting: RHB Keith Lynch
|
0-0: Called Strike 0-1: Ball 1-1: Ball 2-1: Ball 3-1: Base on Balls
|
|
Pinch Hitting: LHB Corey Lomas
|
0-0: Ball 1-0: Ball 2-0: Swinging Strike 2-1: SINGLE (Line Drive, 8RS, EV 106.2 MPH) Keith Lynch to second
|
|
Batting: RHB Steve Gibson
|
0-0: Ball 1-0: Fly out, F8 (Line Drive, 8LD, EV 90.0 MPH)
|
|
Batting: RHB Joel Bany
|
0-0: Fielders Choice at 2nd, 6-4 (Groundball, 6, EV 96.2 MPH)
|
| Top of the 9th over - 0 runs, 1 hit, 0 errors, 2 left on base; University of South Carolina 1 - Stanford University 0 |
| BOTTOM OF THE 9TH |
|
Stanford University Cardinal batting - Pitching for University of South Carolina Gamecocks : LHP Cris Duran
|
|
Pitching: RHP Scott Arthur
|
|
|
Now at C: Jeff Swanson
|
|
|
Batting: RHB Eric McDonald
|
0-0: SOLO HOME RUN (Flyball, 7LD, EV 98.8 MPH), Distance : 376 ft
|
|
Batting: RHB Bobby Orantez
|
0-0: Fly out, F8 (Flyball, 8LD, EV 106.9 MPH)
|
|
Batting: RHB Dzevat Koljevic
|
0-0: Called Strike 0-1: Ball 1-1: Foul Ball, location: 2F 1-2: Foul Ball, location: 2F 1-2: DOUBLE (Flyball, 89D, EV 111.2 MPH)
|
|
Batting: RHB Mike Gard
|
0-0: 2-RUN HOME RUN (Flyball, 89XD, EV 112.5 MPH), Distance : 420 ft
|
| Bottom of the 9th over - 3 runs, 3 hits, 0 errors, 0 left on base; University of South Carolina 1 - Stanford University 3 |
|